 Dungeon Crawl Stone Soup version 0.28-a0-667-g162e43154e (webtiles) character file.

Game seed: 18229750429237010100

18624 Gargoyl the Fighter (level 12, -2/84 (97) HPs)
             Began as a Gnoll Abyssal Knight on Oct 17, 2021.
             Was a Priest of Lugonu.
             Slain by a hell rat (9 damage)
             ... on level 1 of the Lair of Beasts.
             The game lasted 00:16:19 (17822 turns).

Gargoyl the Fighter (Gnoll Abyssal Knight)         Turns: 17822, Time: 00:16:19

HP:   -2/84 (97)    AC: 23    Str: 17    XL:     12   Next: 60%
MP:   23/23         EV:  8    Int: 18    God:    Lugonu [***...]
Gold: 1039          SH:  6    Dex: 14    Spells: 25/25 levels left

rFire   . . .      SeeInvis .   c - +6 mace of Fear {drain, rN+ Int+7}
rCold   . . .      Faith    .   F - +0 buckler
rNeg    + . .      Spirit   .   r - +0 plate armour
rPois   +          Reflect  .   e - +2 helmet
rElec   .          Harm     .   u - +1 cloak
rCorr   +          Rampage  .   (no gloves)
Will    .....      Rage     1%  d - +2 pair of boots
Stlth   ..........              (no amulet)
HPRegen 0.24/turn               v - ring of poison resistance
MPRegen 0.18/turn               z - ring of resist corrosion

@: heavily drained, unable to read
A: fangs 1, strong nose, distributed training, claws 1, agile 1, berserk 1,
inability to read while threatened
a: Renounce Religion, Depart the Abyss, Bend Space, Banish


You were on level 1 of the Lair of Beasts.
You worshipped Lugonu.
Lugonu was most pleased with you.
You visited 2 branches of the dungeon, and saw 13 of its levels.
You visited the Abyss 1 time.

You collected 1427 gold pieces.
You spent 388 gold pieces at shops.

Inventory:

Hand Weapons
 a - a +1 hand axe
 c - the +6 mace of Fear (weapon) {drain, rN+ Int+7}
   (You found it on level 2 of the Abyss)

   A truly terrible weapon, it drains the life of any living foe it strikes.
   Int:       It affects your intelligence (+7).
   rN:        It protects you from negative energy.
 A - the +8 whip of Plunder {vorpal, Str+5 Dex+4}
   (You found it on level 10 of the Dungeon)

   It inflicts extra damage upon your enemies.
   Str:       It affects your strength (+5).
   Dex:       It affects your dexterity (+4).
Missiles
 x - 28 poisoned darts (quivered)
Armour
 d - a +2 pair of boots (worn)
 e - a +2 helmet (worn)
 r - a +0 plate armour (worn)
 u - a +1 cloak (worn)
 F - a +0 buckler (worn)
Jewellery
 k - the ring of Jewe {Wiz +Blink Fly MP+9 Dex-4}
   (You found it on level 11 of the Dungeon)

   [ring of wizardry]

   It improves your spell success rate.
   Dex:       It affects your dexterity (-4).
   MP:        It affects your magic capacity (+9).
   Fly:       It grants you flight.
   +Blink:    It lets you blink.
 o - an amulet of the acrobat
 v - a ring of poison resistance (left claw)
 z - a ring of resist corrosion (right claw)
 D - an amulet of reflection
Wands
 b - a wand of acid (13)
 h - a wand of iceblast (13)
 i - a wand of flame (37)
 s - a wand of digging (11)
Scrolls
 g - 2 scrolls of silence
 p - 5 scrolls of teleportation
 y - a scroll of magic mapping
 C - a scroll of enchant weapon
 G - a scroll of fog {unknown}
 H - a scroll of identify
Potions
 f - a potion of curing
 j - 2 potions of lignification
 l - 2 potions of brilliance
 m - 2 potions of might
 n - 2 potions of magic
 q - a potion of berserk rage
 t - 2 potions of cancellation
 w - a potion of haste {unknown}
 B - a potion of heal wounds {unknown}
 E - a potion of invisibility {unknown}


   Skills:
 + Level 10.0 Fighting
 + Level 7.4 Short Blades
 + Level 7.4 Long Blades
 + Level 8.8 Axes
 + Level 7.4 Maces & Flails
 + Level 7.4 Polearms
 + Level 7.4 Staves
 + Level 7.4 Slings
 + Level 7.4 Bows
 + Level 7.4 Crossbows
 + Level 7.4 Throwing
 + Level 8.8 Armour
 + Level 7.9 Dodging
 + Level 7.4 Stealth
 + Level 7.4 Shields
 + Level 7.4 Unarmed Combat
 + Level 7.4 Spellcasting
 + Level 6.2 Conjurations
 + Level 6.2 Hexes
 + Level 6.2 Summonings
 + Level 6.2 Necromancy
 + Level 6.2 Translocations
 + Level 6.2 Transmutations
 + Level 6.2 Fire Magic
 + Level 6.2 Ice Magic
 + Level 6.2 Air Magic
 + Level 6.2 Earth Magic
 + Level 6.2 Poison Magic
 + Level 9.4 Invocations
 + Level 7.4 Evocations


You had 25 spell levels left.
You didn't know any spells.
Your spell library contained the following spells:

 Spells                   Type           Power      Damage    Failure   Level
 Freeze                   Ice            100%       1d11      24%         1
 Frozen Ramparts          Ice            58%        1d7       56%         3
 Hailstorm                Conj/Ice       29%        3d8       93%         4
 Alistair's Intoxication  Tmut/Pois      19%        N/A       100%        5
 Borgnjor's Vile Clutch   Necr/Erth      14%        N/A       100%        5
 Eringya's Noxious Bog    Tmut/Pois      14%        N/A       100%        6


Dungeon Overview and Level Annotations

Branches:
Dungeon (11/15)            Temple (0/1) D:4            Lair (2/6) D:11
  Swamp: Lair:2-4    Shoals: Lair:2-4     Snake: Lair:2-4    Spider: Lair:2-4
    Orc: D:9-12

Altars:
Cheibriados
Dithmenos
Gozag
Hepliaklqana
Kikubaaqudgha
Makhleb
Ru

Shops:
D:7 *   D:10 (   D:11 ?

Annotations:
Abyss:1 Harold


Innate Abilities, Weirdness & Mutations

You have very sharp teeth.
Your uncanny sense of smell can sniff out nearby items.
Your experience applies equally to all skills.
You have sharp fingernails.
You are agile. (Dex +2)
You tend to lose your temper in combat.
You sometimes lose the ability to read scrolls when taking damage.


Message History

There is a stone staircase leading up here.
The hell rat bites you but does no damage.
You block the hell rat's attack.
You climb upwards.
There is a stone staircase leading down here.
The hell rat bites you.
* * * LOW HITPOINT WARNING * * *
You partially resist.
You feel drained.
* * * LOW HITPOINT WARNING * * *
You block the hell rat's attack. The hell rat closely misses you.
You can read scrolls again.
The hell rat bites you but does no damage.
The hell rat bites you.
* * * LOW HITPOINT WARNING * * *
The hell rat bites you but does no damage.
You closely miss the hell rat.
The hell rat is severely wounded.
The hell rat bites you but does no damage.
You closely miss the hell rat.
The hell rat is severely wounded.
The hell rat barely misses you.
You hit the hell rat.
The hell rat is almost dead.
The hell rat closely misses you. You block the hell rat's attack.
You hit the hell rat.
You kill the hell rat!
Lugonu accepts your kill.
Your plate armour prevents you from hitting the hell rat.
The hell rat bites you.
* * * LOW HITPOINT WARNING * * *
You partially resist.
You feel drained.
You sock the hell rat!
The hell rat is severely wounded.
The hell rat bites you but does no damage. x2
You hit the hell rat.
The hell rat is almost dead.
The hell rat bites you!
You feel threatened and lose the ability to read scrolls!
You die...

................##
.......>........## ######
#................# #.##P####
.#...............# ####......#
##P#............## ###..........
######..........# ###............
### ###........# #..............
..#######P.....r###..............
#..............#@##...........#.#
...P###..##.###..##P#############
..### ########.#..### .P#
####..##### ### .##
###.##.#####.#### ##
##............. # #...#..........
##..#####...#.# ###### #..##
#######


You could see a hell rat.

Vanquished Creatures
  A boulder beetle (D:11)
  3 two-headed ogres
  The ghost of atomjack the Thaumaturge, a novice DjFE of Xom (D:8)
  Joseph (D:8)
  4 cane toads (Lair:1)
  A komodo dragon (Lair:1)
  An unseen horror (D:11)
  5 slime creatures
  A wraith (D:11)
  A shadow (D:10)
  28 yaks
  A wyvern (D:10)
  4 vampire mosquitoes (D:11)
  A steam dragon (D:9)
  2 water moccasins (Lair:1)
  2 ice beasts
  A sky beast (D:7)
  3 orc warriors
  2 hornet zombies
  An ogre (D:6)
  A necrophage (D:7)
  3 centaurs
  4 wolves (Lair:1)
  2 phantoms
  2 kobold brigands
  8 bullfrogs
  A gnoll sergeant (D:9)
  A wyvern zombie (D:6)
  2 water moccasin skeletons
  3 howler monkeys
  An electric eel (Lair:1)
  4 centaur zombies
  3 hounds
  4 orc priests
  Crazy Yiuf (D:5)
  3 iguanas
  11 orc wizards
  4 hell rats
  A killer bee zombie (D:3)
  2 howler monkey zombies
  3 gnolls (D:9)
  7 adders
  2 adder skeletons
  2 dart slugs
  28 orcs
  7 ball pythons
  8 bats
  5 endoplasms
  6 giant cockroaches
  11 goblins
  2 hobgoblins
  A quokka (D:2)
  10 frilled lizards
  16 kobolds
  2 rats
235 creatures vanquished.

Vanquished Creatures (others)
  3 fungi
  13 plants
  2 withered plants (D:8)
18 creatures vanquished.

Grand Total: 253 creatures vanquished

Notes
Turn   | Place    | Note
-------+----------+-------------------------------------------
     0 | Abyss:1  | Gargoyl the Gnoll Abyssal Knight began the quest for the
                  | Orb.
     0 | Abyss:1  | Reached XP level 1. HP: 23/23 MP: 3/3
    43 | Abyss:1  | Noticed a thrashing horror
    82 | Abyss:2  | Identified the +6 mace of Fear {drain, rN+ Int+7}
    96 | Abyss:2  | Noticed a blink frog
   124 | Abyss:2  | Noticed a tentacled starspawn
   124 | Abyss:2  | Noticed a tentacled starspawn
   126 | D:1      | Escaped the Abyss
   264 | D:1      | Found a faded altar of an unknown god.
   455 | D:1      | Reached XP level 2. HP: 27/29 MP: 5/5
   694 | D:1      | Reached * piety under Lugonu
  1187 | D:1      | Reached XP level 3. HP: 35/35 MP: 6/6
  1539 | D:2      | Reached skill level 1 in Short Blades
  1539 | D:2      | Reached skill level 1 in Long Blades
  1539 | D:2      | Reached skill level 1 in Maces & Flails
  1539 | D:2      | Reached skill level 1 in Polearms
  1539 | D:2      | Reached skill level 1 in Staves
  1539 | D:2      | Reached skill level 1 in Slings
  1539 | D:2      | Reached skill level 1 in Bows
  1539 | D:2      | Reached skill level 1 in Crossbows
  1539 | D:2      | Reached skill level 1 in Throwing
  1539 | D:2      | Reached skill level 1 in Stealth
  1539 | D:2      | Reached skill level 1 in Shields
  1539 | D:2      | Reached skill level 1 in Unarmed Combat
  1539 | D:2      | Reached skill level 1 in Spellcasting
  1539 | D:2      | Reached skill level 1 in Evocations
  1539 | D:2      | Reached XP level 4. HP: 31/41 MP: 7/7
  1724 | D:2      | Found a shadowy altar of Dithmenos.
  1751 | D:2      | Reached ** piety under Lugonu
  2351 | D:3      | Reached skill level 1 in Conjurations
  2351 | D:3      | Reached skill level 1 in Hexes
  2351 | D:3      | Reached skill level 1 in Summonings
  2351 | D:3      | Reached skill level 1 in Necromancy
  2351 | D:3      | Reached skill level 1 in Translocations
  2351 | D:3      | Reached skill level 1 in Transmutations
  2351 | D:3      | Reached skill level 1 in Fire Magic
  2351 | D:3      | Reached skill level 1 in Ice Magic
  2351 | D:3      | Reached skill level 1 in Air Magic
  2351 | D:3      | Reached skill level 1 in Earth Magic
  2351 | D:3      | Reached skill level 1 in Poison Magic
  2672 | D:3      | Reached XP level 5. HP: 46/47 MP: 8/8
  2750 | D:3      | Found a hazy altar of Hepliaklqana.
  2853 | D:4      | Reached skill level 5 in Invocations
  2853 | D:4      | Reached XP level 6. HP: 39/53 MP: 9/9
  3000 | D:4      | Found an opulent altar of Gozag.
  3029 | D:4      | Found a staircase to the Ecumenical Temple.
  3042 | D:4      | Reached skill level 5 in Axes
  3042 | D:4      | Reached skill level 5 in Armour
  3719 | D:4      | Found a burning altar of Makhleb.
  3864 | D:5      | Entered Level 5 of the Dungeon
  3930 | D:5      | Found a sacrificial altar of Ru.
  4116 | D:5      | Noticed a yak
  4116 | D:5      | Noticed a yak
  4116 | D:5      | Noticed a yak
  4117 | D:5      | Noticed a yak
  4117 | D:5      | Noticed a yak
  4117 | D:5      | Noticed a yak
  4164 | D:6      | Killed a yak
  4165 | D:6      | Reached skill level 7 in Fighting
  4165 | D:6      | Reached XP level 7. HP: 18/60 MP: 9/11
  4463 | D:5      | Killed a yak
  4636 | D:5      | Killed a yak
  4637 | D:5      | Reached XP level 8. HP: 51/67 MP: 12/12
  4876 | D:5      | Killed a yak
  4882 | D:5      | Killed a yak
  4890 | D:5      | Killed a yak
  5684 | D:5      | Found a runed translucent door.
  5685 | D:5      | Noticed Crazy Yiuf
  5848 | D:5      | Killed Crazy Yiuf
  5947 | D:6      | Reached XP level 9. HP: 70/72 MP: 14/14
  6443 | D:6      | Reached *** piety under Lugonu
  6444 | D:6      | Reached skill level 5 in Dodging
  6454 | D:6      | Reached skill level 8 in Fighting
  7209 | D:7      | Found Oweihi's General Store.
  7212 | D:7      | Bought a scroll of teleportation for 36 gold pieces
  7212 | D:7      | Bought a potion of mutation for 96 gold pieces
  7212 | D:7      | Bought a +0 chain mail for 54 gold pieces
  7224 | D:7      | Gained mutation: You tend to lose your temper in combat.
                  | [potion of mutation]
  7224 | D:7      | Gained mutation: You have sharp fingernails. [potion of
                  | mutation]
  7224 | D:7      | Gained mutation: You sometimes lose the ability to read
                  | scrolls when taking damage. [potion of mutation]
  7224 | D:7      | Gained mutation: You are agile. (Dex +2) [potion of
                  | mutation]
  7677 | D:7      | Noticed Harold
  7677 | D:7      | Noticed a hornet
  7688 | D:7      | Banished a hornet
  7689 | D:7      | Reached XP level 10. HP: 47/80 MP: 12/17
  7700 | D:7      | Banished Harold
  7701 | D:7      | Reached skill level 5 in Short Blades
  7701 | D:7      | Reached skill level 5 in Long Blades
  7701 | D:7      | Reached skill level 5 in Maces & Flails
  7701 | D:7      | Reached skill level 5 in Polearms
  7701 | D:7      | Reached skill level 5 in Staves
  7701 | D:7      | Reached skill level 5 in Slings
  7701 | D:7      | Reached skill level 5 in Bows
  7701 | D:7      | Reached skill level 5 in Crossbows
  7701 | D:7      | Reached skill level 5 in Throwing
  7701 | D:7      | Reached skill level 5 in Stealth
  7701 | D:7      | Reached skill level 5 in Shields
  7701 | D:7      | Reached skill level 5 in Unarmed Combat
  7701 | D:7      | Reached skill level 5 in Spellcasting
  7701 | D:7      | Reached skill level 5 in Evocations
  8775 | D:8      | Found a runed translucent door.
  8933 | D:8      | Noticed Joseph
  8941 | D:8      | Killed Joseph
  9181 | D:8      | Found an ancient bone altar of Kikubaaqudgha.
  9502 | D:8      | Noticed atomjack's ghost (novice DjFE)
  9758 | D:8      | Killed atomjack's ghost
  9942 | D:9      | Noticed a two-headed ogre
  9953 | D:9      | Killed a two-headed ogre
  9954 | D:9      | Reached XP level 11. HP: 59/87 MP: 19/19
  9963 | D:9      | Noticed a two-headed ogre
 10164 | D:9      | Killed a two-headed ogre
 10165 | D:9      | Reached skill level 9 in Fighting
 10165 | D:9      | Reached skill level 5 in Conjurations
 10165 | D:9      | Reached skill level 5 in Hexes
 10165 | D:9      | Reached skill level 5 in Summonings
 10165 | D:9      | Reached skill level 5 in Necromancy
 10165 | D:9      | Reached skill level 5 in Translocations
 10165 | D:9      | Reached skill level 5 in Transmutations
 10165 | D:9      | Reached skill level 5 in Fire Magic
 10165 | D:9      | Reached skill level 5 in Ice Magic
 10165 | D:9      | Reached skill level 5 in Air Magic
 10165 | D:9      | Reached skill level 5 in Earth Magic
 10165 | D:9      | Reached skill level 5 in Poison Magic
 10288 | D:9      | Reached **** piety under Lugonu
 10509 | D:9      | Noticed a two-headed ogre
 11351 | D:10     | Entered Level 10 of the Dungeon
 11460 | D:10     | Noticed a tengu warrior
 11479 | D:10     | Banished a tengu warrior
 12136 | D:10     | Found Oreidu's Firing Range.
 12618 | D:10     | Noticed a two-headed ogre
 12629 | D:10     | Killed a two-headed ogre
 12954 | D:10     | Found a snail-covered altar of Cheibriados.
 13173 | D:10     | Identified the +8 whip of Plunder {vorpal, Str+5 Dex+4}
 13491 | D:11     | Noticed a boulder beetle
 13506 | D:11     | Killed a boulder beetle
 13654 | D:11     | Noticed an oklob plant
 13710 | D:11     | Identified the ring of Jewe {Wiz +Blink Fly MP+9 Dex-4}
 13877 | D:11     | Found Feofiero's Magic Scroll Emporium.
 13885 | D:11     | Bought a scroll of teleportation for 45 gold pieces
 13885 | D:11     | Bought a scroll of teleportation for 45 gold pieces
 13885 | D:11     | Bought a scroll of enchant weapon for 112 gold pieces
 14517 | D:11     | Noticed an oklob plant
 14520 | D:11     | Banished an oklob plant
 14521 | D:11     | Reached XP level 12. HP: 92/96 MP: 9/22
 14522 | D:11     | Found a staircase to the Lair.
 15210 | Lair:1   | Entered Level 1 of the Lair of Beasts
 17206 | Lair:2   | Identified a scroll of acquirement
 17206 | Lair:2   | Acquired 676 gold pieces
 17281 | Lair:2   | Noticed an eight-headed hydra
 17298 | Lair:1   | HP: 4/97 [eight-headed hydra (2)]
 17300 | Lair:1   | Banished an eight-headed hydra
 17301 | Lair:1   | Reached skill level 10 in Fighting
 17822 | Lair:1   | Slain by a hell rat

Illustrated notes

Levels and vault maps discovered:
D:1:      elethiomel_arrival_maze, layout_basic,
          chequers_ecumenical_altar_simple_redux, roderic_serpentine_path,
          minmay_lizard_king
D:2:      layout_loops_ring, basic_altar, minmay_misc_feat_ornament,
          hangedman_abyss_or_decor_lesser_grid, minmay_misc_feat_room
D:3:      layout_basic, mainiacjoe_overflow_six_doors_small
D:4:      layout_basic, nicolae_gozag_seed_capital, lightli_temple_of_fire,
          minmay_temple_entry_sparse_star
D:5:      layout_basic, mainiacjoe_overflow_brackets, uniq_crazy_yiuf_cottage
D:6:      layout_loops_ring
D:7:      layout_basic, serial_shops, nicolae_shop_behind_doors, uniq_harold
D:8:      layout_basic, nicolae_overflow_hidden_temple, gammafunk_ghost_grave,
          kennysheep_generic_room_5, uniq_joseph
D:9:      layout_loops_ring, nicolae_sextant
D:10:     layout_stronghold, kennysheep_slug_shrine, nicolae_shop_firing_range
D:11:     layout_basic, dpeg_oklobed_lair, serial_shops, shop, bh_walls_and_bars
Lair:1:   layout_cave_pods, serial_bayou_ford_a
Lair:2:   layout_cave_pods, serial_bayou_pond_d, lemuel_fruit_fields,
          grunt_megastairs_2

Skill      XL: |  1  2  3  4  5  6  7  8  9 10 11 12 |
---------------+-------------------------------------+-----
Short Blades   | 1 2 3 4 5 6 7 |  7.4
Long Blades    | 1 2 3 4 5 6 7 |  7.4
Maces & Flails | 1 2 3 4 5 6 7 |  7.4
Polearms       | 1 2 3 4 5 6 7 |  7.4
Staves         | 1 2 3 4 5 6 7 |  7.4
Slings         | 1 2 3 4 5 6 7 |  7.4
Bows           | 1 2 3 4 5 6 7 |  7.4
Crossbows      | 1 2 3 4 5 6 7 |  7.4
Throwing       | 1 2 3 4 5 6 7 |  7.4
Stealth        | 1 2 3 4 5 6 7 |  7.4
Shields        | 1 2 3 4 5 6 7 |  7.4
Unarmed Combat | 1 2 3 4 5 6 7 |  7.4
Spellcasting   | 1 2 3 4 5 6 7 |  7.4
Evocations     | 1 2 3 4 5 6 7 |  7.4
Conjurations   | 1 2 3 4 5 6 |  6.2
Hexes          | 1 2 3 4 5 6 |  6.2
Summonings     | 1 2 3 4 5 6 |  6.2
Necromancy     | 1 2 3 4 5 6 |  6.2
Translocations | 1 2 3 4 5 6 |  6.2
Transmutations | 1 2 3 4 5 6 |  6.2
Fire Magic     | 1 2 3 4 5 6 |  6.2
Ice Magic      | 1 2 3 4 5 6 |  6.2
Air Magic      | 1 2 3 4 5 6 |  6.2
Earth Magic    | 1 2 3 4 5 6 |  6.2
Poison Magic   | 1 2 3 4 5 6 |  6.2
Dodging        | 3 4 5 6 7 |  7.9
Invocations    | 5 6 7 8 9 |  9.4
Axes           | 5 6 7 8 |  8.8
Armour         | 5 6 7 8 |  8.8
Fighting       | 7 8 9 10 | 10.0

Action                   |  1- 3 |  4- 6 |  7- 9 | 10-12 || total
-------------------------+-------+-------+-------+-------++-------
Melee: Mace              |    67 |   120 |   260 |   586 ||  1033
       Bite              |     3 |     8 |    26 |    89 ||   126
       Punch             |       |     2 |     5 |    15 ||    22
Throw: Boomerang         |       |       |     4 |     6 ||    10
       Dart              |       |       |       |    12 ||    12
Invok: Depart the Abyss  |     1 |       |       |       ||     1
       Banish            |       |       |     1 |    12 ||    13
       Bend Space        |       |       |       |     2 ||     2
  Use: Scroll            |     2 |     1 |     1 |    11 ||    15
       Potion            |       |     3 |     1 |     3 ||     7
 Stab: Sleeping          |       |     1 |       |       ||     1
Armor: Leather armour    |    32 |    15 |       |       ||    47
       Ring mail         |       |    45 |   111 |       ||   156
       Skin              |       |     7 |       |    30 ||    37
       Chain mail        |       |       |    20 |    27 ||    47
       Plate armour      |       |       |       |   507 ||   507
Dodge: Dodged            |    56 |    88 |   138 |   252 ||   534
Block: Buckler           |       |       |       |    44 ||    44

Table legend: (Time is in decaauts)
 A = Elapsed time spent in this place.
 B = Non-inter-level travel time spent in this place.
 C = Inter-level travel time spent in this place.
 D = Time resting spent in this place.
 E = Time spent auto-exploring this place.
 F = Levels seen in this place.
 G = Mean time per level.
                   A        B        C        D        E       F      G
               +--------+--------+--------+--------+--------+-----+--------+
         Total |  18096 |  17531 |    565 |   3020 |  11561 |  15 | 1206.4 |
       Dungeon |  15307 |  14805 |    502 |   2523 |   9866 |  11 | 1391.5 |
          Lair |   2663 |   2600 |     63 |    497 |   1650 |   2 | 1331.5 |
         Abyss |    125 |    125 |      0 |      0 |     45 |   2 |   62.5 |
               +--------+--------+--------+--------+--------+-----+--------+

Top non-repeatable levels by time:
  Lair:1: 2401 daAuts
     D:5: 2108 daAuts
    D:11: 2009 daAuts
    D:10: 1889 daAuts
     D:7: 1586 daAuts
     D:8: 1536 daAuts
     D:1: 1313 daAuts
     D:9: 1202 daAuts
     D:6: 1179 daAuts
     D:4: 1078 daAuts
     D:2: 869 daAuts
     D:3: 532 daAuts
  Lair:2: 262 daAuts
 Abyss:1: 75 daAuts
 Abyss:2: 50 daAuts
